Map: Omikron

Players

nikson - Winner!

  • Race: Protoss Protoss
  • Spawn Location: 3:00

DVA - Winner!

  • Race: Terran Terran
  • League: Bronze
  • Spawn Location: 1:00

Gracz

  • Race: Terran Terran
  • Spawn Location: 9:00

adolf

  • Race: Protoss Protoss
  • Spawn Location: 7:00

VOD

Have the link to the VOD?

Description

Time

  • Played on: Feb. 26, 2016, 11:13 a.m.
  • Length: 17:59
Show
View Real Time Build Order
Export as new Build Order

nikson Protoss - Winner!

Build Orders: 1 Gate Expand 

Get SALT Encoding   

  12  0:03  Probe (Chrono Boost)  
  13  0:14  Probe (Chrono Boost)  
  14  0:24  Probe (Chrono Boost)  
  15  0:30  Pylon  
  15  0:48  Probe (Chrono Boost)  
  16  0:50  Gateway  
  16  0:58  Probe (Chrono Boost)  
  17  1:09  Probe (Chrono Boost)  
  18  1:21  Assimilator  
  18  1:22  Nexus  
  18  1:33  Forge  
  18  2:00  Probe (Chrono Boost)  
  19  2:11  Probe (Chrono Boost)  
  20  2:21  Probe (Chrono Boost)  
  21  2:24  Photon Cannon  
  21  2:48  Assimilator  
  21  2:49  Probe (Chrono Boost)  
  21  2:50  Cybernetics Core  
  22  3:00  Probe (Chrono Boost)  
  22  3:03  Pylon  
  23  3:10  Probe x2 (Chrono Boost)  
  25  3:21  Probe x2 (Chrono Boost)  
  25  3:25  Pylon  
  27  3:30  Stargate  
  27  3:31  Probe (Chrono Boost)  
  27  3:32  Probe (Chrono Boost)  
  29  3:40  Photon Cannon  
  29  3:42  Probe (Chrono Boost)  
  29  3:46  Photon Cannon  
  30  3:56  Probe (Chrono Boost)  
  31  4:05  Pylon  
  31  4:07  Probe (Chrono Boost)  
  31  4:08  Mothership Core (Chrono Boost)  
  34  4:16  Probe (Chrono Boost)  
  34  4:18  Assimilator  
  34  4:19  Oracle (Chrono Boost)  
  38  4:26  Probe  
  39  4:37  Probe  
  40  4:47  Probe  
  40  4:50  Fleet Beacon  
  41  4:54  Assimilator  
  41  4:57  Photon Cannon  
  41  4:58  Probe  
  42  5:00  Photon Cannon  
  42  5:08  Probe  
  42  5:09  Oracle (Chrono Boost)  
  42  5:13  Nexus  
  43  5:52  Carrier (Chrono Boost)  
  43  5:56  Stargate, Probe  
  50  6:05  Assimilator  
  50  6:07  Probe  
  50  6:09  Assimilator  
  51  6:18  Nexus  
  51  6:24  Protoss Shields Level 1 (Chrono Boost)  
  51  6:27  Pylon  
  51  6:29  Pylon  
  51  6:35  Stargate  
  51  6:47  Photon Cannon  
  51  6:50  Photon Cannon  
  51  6:54  Assimilator  
  51  6:59  Assimilator  
  51  7:00  Probe  
  51  7:03  Photon Cannon  
  51  7:07  Photon Cannon  
  52  7:12  Probe  
  52  7:15  Anion Pulse-Crystals  
  53  7:25  Probe  
  54  7:37  Probe  
  54  7:38  Probe  
  56  7:48  Probe  
  63  7:51  Protoss Air Armor Level 1 (Chrono Boost)  
  63  7:52  Carrier (Chrono Boost)  
  69  7:59  Probe  
  70  8:11  Probe  
  70  8:17  Carrier (Chrono Boost)  
  71  8:21  Carrier (Chrono Boost)  
  71  8:22  Probe  
  71  8:26  Pylon  
  72  8:29  Pylon  
  72  8:32  Probe  
  79  8:36  Pylon  
  72  8:48  Mothership Core  
  72  8:54  Graviton Catapult  
  72  8:56  Pylon  
  72  8:59  Pylon  
  72  9:00  Photon Cannon  
  71  9:03  Pylon  
  71  9:07  Pylon  
  71  9:08  Pylon  
  71  9:11  Pylon  
  71  9:21  Pylon  
  71  9:24  Carrier  
  77  9:32  Photon Cannon  
  77  9:46  Probe  
  78  9:58  Probe  
  79  10:04  Carrier (Chrono Boost)  
  79  10:10  Probe, Carrier (Chrono Boost)  
  92  10:21  Protoss Air Weapons Level 1 (Chrono Boost)  
  92  10:40  Probe  
  92  10:42  Stargate  
  93  10:51  Probe  
  93  10:52  Probe  
  95  11:02  Probe  
  102  11:12  Probe  
  103  11:24  Probe  
  104  11:28  Nexus  
  104  11:32  Probe  
  105  11:36  Probe  
  106  11:44  Probe  
  113  11:58  Twilight Council  
  113  12:00  Carrier (Chrono Boost)  
  119  12:01  Carrier (Chrono Boost)  
  119  12:13  Carrier (Chrono Boost)  
  125  12:21  Stargate  
  125  12:26  Protoss Air Armor Level 2 (Chrono Boost)  
  125  12:28  Assimilator  
  125  12:32  Assimilator  
  125  12:35  Pylon  
  125  12:41  Protoss Shields Level 2 (Chrono Boost)  
  125  12:51  Cybernetics Core  
  125  13:03  Carrier (Chrono Boost)  
  131  13:11  Nexus  
  137  13:37  Carrier (Chrono Boost)  
  137  13:38  Carrier (Chrono Boost)  
  143  13:47  Assimilator  
  143  13:49  Assimilator  
  143  13:54  Pylon  
  143  14:00  Carrier (Chrono Boost)  
  149  14:14  Carrier (Chrono Boost)  
  155  14:20  Photon Cannon  
  155  14:33  Protoss Air Weapons Level 2 (Chrono Boost)  
  155  14:48  Photon Cannon  
  155  14:50  Carrier  
  155  14:53  Photon Cannon  
  161  15:12  Protoss Air Armor Level 3 (Chrono Boost)  
  161  15:18  Probe  
  162  15:30  Probe  
  163  15:42  Probe  
  164  15:54  Probe  
  165  16:06  Probe  
  170  17:14  Mothership Core  
Show
View Real Time Build Order
Export as new Build Order

DVA Terran - Winner!

Build Orders:  

Get SALT Encoding   

  12  0:01  SCV  
  13  0:16  Supply Depot  
  13  0:20  SCV  
  14  0:33  SCV  
  15  0:40  Barracks  
  15  0:46  SCV  
  16  0:53  Supply Depot  
  16  1:04  Supply Depot  
  16  1:05  SCV  
  17  1:18  SCV  
  18  1:30  SCV  
  18  1:31  Marine  
  18  1:32  Bunker  
  20  1:34  Engineering Bay  
  20  1:42  SCV  
  21  1:49  Marine  
  22  2:09  SCV  
  23  2:15  Refinery  
  23  2:17  Marine  
  23  2:21  SCV  
  25  2:25  Refinery  
  25  2:29  Command Center  
  25  2:35  Marine  
  26  2:38  SCV  
  27  2:50  SCV  
  28  3:03  Bunker  
  28  3:10  Barracks Tech Lab  
  28  3:13  Factory  
  28  3:15  SCV  
  29  3:27  SCV  
  30  3:41  Marauder  
  30  3:44  Refinery  
  30  3:47  Supply Depot, Orbital Command  
  32  3:50  Missile Turret  
  32  3:54  Orbital Command  
  32  3:59  Factory Tech Lab  
  32  4:04  Starport  
  32  4:08  Marauder  
  34  4:16  Missile Turret  
  34  4:19  Refinery  
  34  4:22  SCV  
  35  4:30  Concussive Shells  
  35  4:32  Siege Tank  
  35  4:35  SCV  
  35  4:37  Missile Turret  
  39  4:55  SCV  
  39  4:57  Command Center  
  40  5:04  Missile Turret  
  40  5:05  Starport Tech Lab  
  40  5:06  Siege Tank  
  43  5:08  SCV  
  44  5:26  Viking  
  46  5:39  Marauder  
  46  5:42  Starport  
  48  5:46  Siege Tank  
  51  5:58  SCV  
  52  6:09  SCV  
  52  6:10  SCV  
  54  6:21  SCV, Fusion Core  
  54  6:22  Orbital Command  
  55  6:32  Armory  
  55  6:33  Starport Tech Lab  
  55  6:35  Armory  
  55  6:37  Starport  
  55  6:53  Starport  
  55  7:00  Missile Turret  
  55  7:12  Building Armor, Armory  
  55  7:15  Starport  
  55  7:16  Starport Tech Lab  
  55  7:18  Battlecruiser  
  61  7:38  Starport Tech Lab  
  61  7:49  Missile Turret  
  61  7:51  Command Center  
  61  7:52  Terran Vehicle And Ship Armor Level 1  
  61  7:54  Terran Vehicle Weapons Level 1  
  61  8:02  Terran Ship Weapons Level 1  
  61  8:05  Command Center  
  61  8:08  Starport Tech Lab  
  61  8:10  Missile Turret  
  61  8:26  Battlecruiser  
  67  8:32  Missile Turret  
  67  8:46  Viking  
  69  8:48  Missile Turret  
  69  9:02  Viking x2  
  72  9:04  Viking  
  65  9:43  Battlecruiser  
  71  9:52  Orbital Command  
  71  10:18  Missile Turret  
  71  10:25  Battlecruiser  
  71  10:27  Battlecruiser  
  83  10:49  Missile Turret  
  83  10:56  Battlecruiser  
  89  10:58  Terran Vehicle And Ship Armor Level 2  
  89  11:00  Hi-Sec Auto Tracking  
  89  11:10  Missile Turret  
  89  11:12  Planetary Fortress  
  89  11:31  Missile Turret  
  89  11:55  Planetary Fortress  
  89  12:02  Missile Turret  
  89  12:06  Terran Vehicle Weapons Level 2  
  89  12:10  Battlecruiser  
  95  12:39  Missile Turret  
  95  12:44  Refinery  
  95  12:50  Refinery  
  95  13:00  Missile Turret  
  95  13:01  Terran Ship Weapons Level 2  
  95  13:29  Command Center  
  95  13:36  Missile Turret  
  95  13:46  Battlecruiser x2  
  107  13:49  Battlecruiser  
  107  13:53  Terran Vehicle And Ship Armor Level 3  
  113  14:20  Missile Turret  
  113  14:40  Command Center  
  113  14:41  Battlecruiser  
  119  14:47  Missile Turret  
  119  14:51  Missile Turret  
  119  14:58  Battlecruiser  
  125  15:12  Command Center  
  125  15:15  Missile Turret  
  125  15:21  Planetary Fortress  
  125  15:52  Missile Turret  
  100  16:56  Missile Turret  
  100  17:10  Missile Turret  
  94  17:17  Missile Turret  
  118  17:55  Missile Turret  
Show
View Real Time Build Order
Export as new Build Order

Gracz Terran 

Build Orders:  

Get SALT Encoding   

  12  0:04  SCV  
  13  0:16  SCV  
  14  0:26  Supply Depot  
  14  0:28  SCV  
  15  0:34  Refinery  
  15  0:48  Supply Depot, SCV  
  16  1:00  SCV  
  17  1:10  Barracks  
  17  1:16  Barracks  
  17  1:26  Engineering Bay  
  17  1:47  Supply Depot  
  17  2:01  Reaper  
  17  2:06  Reaper  
  19  2:18  Supply Depot  
  19  2:33  Reaper  
  19  2:36  Supply Depot  
  20  2:38  Reaper  
  20  2:41  Supply Depot  
  21  2:51  SCV  
  21  2:52  Refinery  
  22  3:03  SCV  
  23  3:12  Factory  
  23  3:15  SCV  
  24  3:23  Barracks Reactor  
  24  3:32  Barracks Reactor  
  24  3:55  Missile Turret  
  24  4:06  Sensor Tower  
  24  4:08  Factory Tech Lab  
  24  4:31  Factory  
  24  4:38  Siege Tank  
  27  5:00  Reaper x2  
  27  5:01  Marine x2  
  31  5:19  Marine x2  
  31  5:20  Factory Tech Lab  
  33  5:28  Armory  
  33  5:31  Marine  
  33  5:32  Marine  
  35  5:55  Marine x3  
  35  5:56  Marine  
  39  5:59  Hellion  
  39  6:00  Hellion  
  43  6:15  Starport  
  43  6:21  Hellion x2  
  47  6:33  Starport  
  47  6:52  Orbital Command  
  47  7:02  Marine x4  
  47  7:04  Starport, Thor  
  57  7:10  Terran Ship Weapons Level 1  
  57  7:15  Starport Tech Lab  
  57  7:29  SCV  
  58  7:34  Starport Reactor  
  58  7:40  Banshee  
  58  7:41  SCV  
  62  7:53  SCV  
  63  8:32  Command Center  
  63  9:45  Fusion Core  
  63  10:14  SCV  
  63  10:18  Refinery  
  64  10:24  Refinery  
  64  10:26  SCV  
  65  10:38  SCV  
  65  10:39  SCV  
  67  10:50  Starport Tech Lab, SCV  
  67  10:52  Battlecruiser  
  67  10:54  Medivac x2  
  67  10:55  Terran Ship Weapons Level 2  
  78  11:10  SCV  
  79  11:22  SCV  
  80  11:32  Supply Depot  
  80  11:34  SCV  
  81  11:51  SCV  
  82  12:03  SCV  
  82  12:06  Battlecruiser  
  82  12:08  Starport  
  89  12:15  SCV  
  90  12:21  Battlecruiser  
  96  12:27  SCV  
  97  12:41  Orbital Command  
  97  12:45  Supply Depot  
  97  12:48  Supply Depot  
  97  12:51  Supply Depot, Starport Tech Lab  
  97  12:56  Starport  
  97  12:57  Marine x2  
  97  12:58  Marine x2  
  101  13:06  Thor  
  101  13:07  Thor  
  101  13:10  Supply Depot  
  101  13:12  Supply Depot, Terran Vehicle Weapons Level 1  
  113  13:34  Factory  
  113  13:48  Supply Depot  
  113  13:51  Supply Depot  
  113  13:53  Starport Tech Lab  
  113  13:55  Marine x2  
  115  13:56  Factory, Marine  
  116  14:17  Supply Depot  
  116  14:20  Supply Depot  
  116  14:31  Factory Tech Lab  
  116  14:34  Battlecruiser  
  122  14:42  Banshee  
  122  14:43  Banshee  
  128  14:52  Supply Depot  
  128  14:54  Supply Depot  
  128  15:02  Factory Tech Lab  
  128  15:06  Terran Vehicle And Ship Armor Level 1  
  128  15:07  Battlecruiser  
  134  15:27  Thor  
  50  16:23  Battlecruiser  
  50  16:24  Marine x3  
  50  16:25  Marine  
  60  16:42  Marine x4  
  62  17:00  Marine x4  
  24  17:18  Marine x2  
  39  17:54  Command Center  
Show
View Real Time Build Order
Export as new Build Order

adolf Protoss 

Build Orders:  

Get SALT Encoding   

  12  0:03  Probe (Chrono Boost)  
  13  0:19  Probe (Chrono Boost)  
  13  0:20  Pylon  
  14  0:32  Probe (Chrono Boost)  
  15  0:36  Assimilator  
  15  0:41  Forge  
  15  0:44  Probe (Chrono Boost)  
  16  0:55  Probe (Chrono Boost)  
  17  1:02  Gateway  
  17  1:06  Probe (Chrono Boost)  
  18  1:24  Pylon  
  18  1:30  Probe (Chrono Boost)  
  18  1:32  Photon Cannon  
  19  1:45  Photon Cannon  
  19  1:53  Probe (Chrono Boost)  
  20  2:05  Probe (Chrono Boost)  
  21  2:12  Cybernetics Core  
  21  2:15  Pylon  
  21  2:20  Assimilator  
  21  2:42  Pylon  
  20  2:46  Probe (Chrono Boost)  
  21  2:53  Stargate  
  21  3:03  Nexus  
  21  3:04  Pylon, Probe (Chrono Boost)  
  22  3:16  Photon Cannon  
  22  3:30  Photon Cannon  
  22  3:37  Stargate  
  22  5:14  Void Ray x2  
  26  5:19  Stargate  
  30  5:22  Pylon, Probe (Chrono Boost)  
  30  5:24  Probe (Chrono Boost)  
  32  5:33  Probe (Chrono Boost)  
  32  5:35  Probe (Chrono Boost)  
  34  5:39  Protoss Air Weapons Level 1  
  34  5:41  Assimilator  
  34  5:42  Protoss Shields Level 1  
  34  5:43  Probe (Chrono Boost)  
  34  5:45  Probe (Chrono Boost)  
  34  5:46  Assimilator  
  34  5:48  Pylon  
  33  5:50  Photon Cannon  
  33  5:52  Photon Cannon  
  33  5:53  Photon Cannon  
  33  5:56  Probe (Chrono Boost)  
  34  5:59  Probe (Chrono Boost)  
  35  6:06  Pylon, Probe (Chrono Boost)  
  35  6:09  Probe (Chrono Boost)  
  37  6:17  Probe (Chrono Boost)  
  38  6:20  Void Ray  
  42  7:08  Void Ray  
  46  7:09  Void Ray  
  46  7:13  Probe (Chrono Boost)  
  46  7:15  Probe (Chrono Boost)  
  52  7:24  Probe (Chrono Boost)  
  52  7:25  Probe (Chrono Boost)  
  54  7:30  Photon Cannon  
  54  7:31  Void Ray  
  54  7:32  Photon Cannon  
  54  7:34  Probe (Chrono Boost)  
  54  7:36  Probe (Chrono Boost)  
  60  7:46  Protoss Air Armor Level 1  
  60  8:01  Void Ray  
  64  8:14  Void Ray  
  68  8:23  Nexus  
  68  8:27  Pylon  
  68  8:30  Pylon  
  68  8:34  Assimilator  
  68  8:37  Assimilator  
  44  9:45  Void Ray  
  44  9:46  Void Ray x2  
  56  10:06  Stargate  
  56  10:12  Probe (Chrono Boost)  
  57  10:14  Fleet Beacon  
  57  10:21  Photon Cannon x2  
  57  10:22  Probe (Chrono Boost)  
  57  10:23  Photon Cannon  
  57  10:25  Photon Cannon  
  57  10:26  Probe (Chrono Boost)  
  57  10:27  Probe (Chrono Boost), Photon Cannon  
  60  10:29  Pylon  
  60  10:33  Probe (Chrono Boost)  
  61  10:37  Probe (Chrono Boost)  
  61  10:38  Probe (Chrono Boost)  
  63  10:46  Probe (Chrono Boost)  
  63  10:47  Void Ray  
  63  10:48  Probe (Chrono Boost)  
  63  10:49  Probe (Chrono Boost)  
  70  10:55  Void Ray  
  70  10:57  Probe (Chrono Boost)  
  75  10:58  Probe (Chrono Boost)  
  75  10:59  Probe (Chrono Boost)  
  77  11:19  Photon Cannon  
  77  11:25  Void Ray  
  77  11:26  Void Ray  
  77  11:30  Void Ray  
  89  11:33  Protoss Air Weapons Level 2 (Chrono Boost)  
  89  11:47  Nexus  
  89  11:52  Pylon  
  89  11:56  Assimilator  
  89  12:00  Void Ray  
  93  12:01  Assimilator  
  94  12:08  Probe (Chrono Boost)  
  94  12:09  Probe (Chrono Boost)  
  94  12:11  Probe (Chrono Boost)  
  96  12:16  Void Ray  
  96  12:19  Probe x2 (Chrono Boost)  
  96  12:22  Probe (Chrono Boost)  
  103  12:29  Pylon  
  103  12:31  Photon Cannon  
  103  12:33  Photon Cannon  
  103  12:35  Photon Cannon  
  103  12:46  Pylon  
  103  12:47  Void Ray  
  103  12:51  Void Ray  
  111  13:02  Void Ray  
  115  13:09  Probe (Chrono Boost)  
  115  13:11  Probe (Chrono Boost)  
  117  13:14  Probe (Chrono Boost)  
  119  13:20  Probe (Chrono Boost)  
  119  13:22  Probe (Chrono Boost)  
  120  13:28  Void Ray  
  120  13:30  Probe (Chrono Boost)  
  125  13:35  Stargate  
  125  13:39  Cybernetics Core  
  125  13:46  Twilight Council  
  125  13:50  Robotics Facility  
  125  13:55  Mothership Core  
  125  13:59  Void Ray x2  
  135  14:04  Protoss Air Weapons Level 3 (Chrono Boost)  
  135  14:07  Protoss Air Armor Level 2 (Chrono Boost)  
  135  14:13  Protoss Shields Level 2 (Chrono Boost)  
  135  14:15  Void Ray  
  135  14:16  Void Ray  
  143  14:47  Observer (Chrono Boost)  
  144  15:00  Photon Cannon  
  145  15:07  Observer (Chrono Boost)  
  145  15:13  Void Ray x3  
  163  15:25  Observer (Chrono Boost), Pylon  
  163  15:27  Pylon  
  164  15:34  Pylon  
  164  15:39  Pylon  
  164  15:41  Pylon  
  164  15:43  Void Ray x2  
  164  15:45  Photon Cannon x2  
  164  15:48  Photon Cannon  
  172  15:50  Photon Cannon x2  
  172  15:54  Photon Cannon  
  172  15:56  Void Ray x3  
  92  16:33  Tempest x2  
  92  16:39  Tempest x3  
  110  17:09  Assimilator, Nexus  
  110  17:13  Assimilator  
  110  17:16  Tempest  
Tags
 
Add a new tag
Caveats
  • Supply blocks, unpowered buildings, or Contaminate may cause inaccurate times.
  • Supply counts are checked every 10 seconds.